 Dungeon Crawl Stone Soup version 0.31.0-11-ge490571c62 (webtiles) character file.

Game seed: 2094474788636879085

23 qw the Shooter (level 2, -3/16 HPs)
             Began as a Deep Elf Hunter on Feb 5, 2024.
             Slain by Sigmund
             ... wielding a +0 scythe
              (6 damage)
             ... on level 2 of the Dungeon.
             The game lasted 00:00:03 (622 turns).

qw the Shooter (Deep Elf Hunter)                     Turns: 622, Time: 00:00:03

Health: -3/16      AC:  6    Str:  8    XL:     2   Next: 75%
Magic:  4/4        EV: 10    Int: 13    God:
Gold:   114        SH:  0    Dex: 18    Spells: 1/1 levels left

rFire   . . .        a - +0 shortbow
rCold   . . .        (shield currently unavailable)
rNeg    . . .        j - +0 ring mail
rPois   .            (no helmet)
rElec   .            h - +0 cloak
rCorr   .            (no gloves)
SInv    .            (no boots)
Will    .....        (no amulet)
Stlth   +            (no ring)
HPRegen 0.22/turn    (no ring)
MPRegen 0.09/turn

%: no passive effects
@: no status effects
A: no striking features
a: no special abilities


You were on level 2 of the Dungeon.
You visited 1 branch of the dungeon, and saw 2 of its levels.

You collected 114 gold pieces.


   Skills:
 - Level 1.5 Fighting
 + Level 6.5 Ranged Weapons
 - Level 2.4 Dodging
 - Level 1.2 Stealth


You had one spell level left.
You didn't know any spells.
Your spell library was empty.

Inventory:

Hand Weapons
 a - a +0 shortbow (weapon)
Armour
 h - a +0 cloak (worn)
 j - a +0 ring mail (worn)
Jewellery
 f - a ring of fire

Dungeon Overview and Level Annotations

Branches:
Dungeon (2/15)

Altars:

Annotations:
D:2 Sigmund


Message History

The ribbon worm is severely wounded.
The ribbon worm bites you.
You shoot an arrow. The arrow hits the ribbon worm.
The ribbon worm is severely wounded.
The ribbon worm bites you.
You shoot an arrow. The arrow hits the ribbon worm.
The ribbon worm is almost dead.
The ribbon worm expels a string of sticky webbing.
The stream of webbing hits you but does no damage.
You are caught in a web!
The ribbon worm expels a string of sticky webbing.
The stream of webbing hits you but does no damage.
You are caught in a web!
The ribbon worm bites you.
You shoot an arrow. The arrow hits the ribbon worm!
You kill the ribbon worm!
You start resting.
You feel a little less mighty now.
HP restored.
You climb downwards.
Level annotation: Sigmund Sigmund mumbles some strange words.
Sigmund flickers and vanishes!
Deactivating autopickup; reactivate with Ctrl-A.
There is a stone staircase leading up here.
You shoot an arrow.
You hear some strange, mumbled words.
A puff of flame appears from out of thin air!
The puff of flame hits you.
You shoot an arrow.
You hear some strange, mumbled words.
A puff of flame appears from out of thin air!
The puff of flame hits you.
You shoot an arrow. Something hits you!
You shoot an arrow. Something hits you.
You shoot an arrow. Something hits you.
You die...

#.... #....
#....#
#.....#######
##..........##
.#............#
.........{.....
#......@.......
#..............
...............
...........<...
##.............
##............
#####.#######
#.#


There were no monsters in sight!

Vanquished Creatures
  A ribbon worm (D:1)
  4 ball pythons (D:1)
  3 endoplasms (D:1)
  2 goblins (D:1)
  3 kobolds (D:1)
  A quokka (D:1)
  A bat (D:1)
  3 frilled lizards (D:1)
  4 rats (D:1)
22 creatures vanquished.

Notes
Turn   | Place    | Note
-------+----------+-------------------------------------------
     0 | D:1      | qw the Deep Elf Hunter began the quest for the Orb.
     0 | D:1      | Reached XP level 1. HP: 12/12 MP: 3/3
     0 | D:1      | 0 ||| qw: Version: 0.3-a-160-g6735b56
     0 | D:1      | 0 ||| qw: Game counter: 6121
     0 | D:1      | 0 ||| qw: Melee chars always use a shield: true
     0 | D:1      | 0 ||| qw: God list: Okawaru
     0 | D:1      | 0 ||| qw: Allow faded altars: false
     0 | D:1      | 0 ||| qw: Do Orc after clearing Dungeon:15 true
     0 | D:1      | 0 ||| qw: Do second Lair branch before Depths: true
     0 | D:1      | 0 ||| qw: Lair rune preference: random
     0 | D:1      | 0 ||| qw: Goals: Normal
     0 | D:1      | 0 ||| PLANNING D:1-11
   110 | D:1      | Reached XP level 2. HP: 16/16 MP: 4/4
   125 | D:1      | Reached skill level 6 in Ranged Weapons
   276 | D:1      | Found a faded altar of an unknown god.
   277 | D:1      | Noticed a shining eye
   279 | D:1      | Noticed an eye of devastation
   284 | D:1      | Noticed a shining eye
   287 | D:1      | Noticed a golden eye
   463 | D:1      | 463 ||| UPGRADING to +0 cloak.
   468 | D:1      | 468 ||| UPGRADING to +0 ring mail.
   478 | D:1      | 478 ||| DROPPING +0 leather armour.
   479 | D:1      | 479 ||| READING scroll labelled RUIHEEPPUFUE.
   480 | D:1      | 480 ||| READING scroll labelled EMOBAS XOHE.
   480 | D:1      | 480 ||| IDENTIFYING brown potion
   481 | D:1      | 481 ||| READING scroll labelled PUOL YQOUD ECSIAR.
   482 | D:1      | 482 ||| DROPPING scroll of butterflies.
   483 | D:1      | 483 ||| DROPPING potion of attraction.
   496 | D:2      | Noticed Sigmund
   501 | D:2      | 501 ||| STAIRDANCE
   532 | D:2      | 532 ||| DRINKING white potion.
   533 | D:2      | 533 ||| DRINKING orange potion.
   535 | D:2      | 535 ||| STAIRDANCE
   549 | D:1      | HP: 2/16 [ribbon worm (4)]
   620 | D:2      | HP: 4/16 [something (7)]
   622 | D:2      | Slain by Sigmund

Levels and vault maps discovered:
D:1:      amcnicky_arrival_wind_blow, layout_rooms,
          hellmonk_ecumenical_altar_watching_god, grunt_decor_junction,
          minmay_tree_intersection, grunt_decor_one_mirror, minmay_tall_x
D:2:      layout_rooms, uniq_sigmund

Skill      XL: |  1  2 |
---------------+-------+-----
Ranged Weapons | 6 |  6.5
Fighting       | |  1.5
Dodging        | |  2.4
Stealth        | |  1.2

Action                     || total
---------------------------++-------
   Fire: Shortbow          ||    57
    Use: Scroll            ||     3
         Potion            ||     2
 Armour: Leather armour    ||     2
         Ring mail         ||    18
  Dodge: Dodged            ||     5

Table legend:
 A = Non-vault XP
 B = Vault XP
 C = Vault XP percentage of total XP
 D = Non-vault monster count
 E = Vault monster count
 F = Vault count percentage of total count
                 A         B        C        D         E       F
            +---------+---------+-------+---------+---------+-------
      Total |      30 |       4 |  11.8 |      19 |       3 |  13.6
            +---------+---------+-------+---------+---------+-------
        D:1 |      30 |       4 |  11.8 |      19 |       3 |  13.6
            +---------+---------+-------+---------+---------+-------
